 Dungeon Crawl Stone Soup version 0.28.0-53-g5a82cb258f (webtiles) character file.

Game seed: 65545165358669457

305 Nyth the Poker (level 6, -7/79 HPs)
             Began as a Minotaur Berserker on Aug 8, 2022.
             Was a Believer of Trog.
             Mangled by an ogre
             ... wielding a +0 giant club
              (22 damage)
             ... on level 4 of the Dungeon.
             The game lasted 00:07:21 (2174 turns).

Nyth the Poker (Minotaur Berserker)                 Turns: 2174, Time: 00:07:22

Health: -7/79      AC:  1    Str: 23    XL:     6   Next: 16%
Magic:  5/5        EV: 12    Int:  4    God:    Trog [**....]
Gold:   136        SH:  0    Dex: 10    Spells: 5/5 levels left

rFire   . . .      SeeInvis .   a - +1 spear
rCold   . . .      Faith    .   (no shield)
rNeg    . . .      Spirit   .   (no armour)
rPois   .          Reflect  .   (helmet restricted)
rElec   .          Harm     .   f - +0 cloak
rCorr   .          Rampage  .   (no gloves)
Will    .....                   (no boots)
Stlth   ..........              (no amulet)
HPRegen 0.23/turn               (no ring)
MPRegen 0.09/turn               (no ring)

@: berserking, very quick
A: horns 2, retaliatory headbutt
a: Renounce Religion, Berserk, Trog's Hand


You were on level 4 of the Dungeon.
You worshipped Trog.
Trog was pleased with you.
You visited 1 branch of the dungeon, and saw 4 of its levels.

You collected 136 gold pieces.

Inventory:

Hand Weapons
 a - a +1 spear (weapon)
 i - a +0 long sword
Missiles
 c - 6 poisoned darts
Armour
 b - a +0 animal skin
 f - a +0 cloak (worn)
 h - a +0 ring mail
Scrolls
 g - a scroll of amnesia {unknown}
 j - a scroll of enchant weapon
 l - a scroll of vulnerability {unknown}
Potions
 d - 2 potions of heal wounds {unknown}
 e - 3 potions of curing {unknown}
 k - a potion of mutation {unknown}
 m - a potion of flight {unknown}
 n - 2 potions of ambrosia {unknown}


   Skills:
 + Level 4.6 Fighting
 * Level 7.0 Polearms
 + Level 2.6 Armour
 + Level 3.3 Dodging
 + Level 1.0 Stealth


You had 5 spell levels left.
You didn't know any spells.
Your spell library was empty.

Dungeon Overview and Level Annotations

Branches:
Dungeon (4/15)             Temple (0/1) D:4

Altars:
Okawaru


Innate Abilities, Weirdness & Mutations

You have a pair of horns on your head.
You reflexively headbutt those who attack you in melee.


Message History

You completely miss the hound.
The hound is almost dead.
The hound bites you.
You barely miss the hound.
The hound is almost dead.
The hound bites you.
You hit the hound but do no damage.
The hound is almost dead.
The hound barely misses you. You furiously retaliate!
You headbutt the hound!
You kill the hound!
Trog accepts your kill.
Your Polearms skill increases to level 7!
Your Stealth skill increases to level 1!
An ogre comes into view. It is wielding a +0 giant club.
Found a staircase to the Ecumenical Temple.
You hit the ogre.
The ogre is lightly wounded.
The ogre barely misses you.
You barely miss the ogre.
The ogre is lightly wounded.
The ogre hits you with a +0 giant club!!
Ouch! That really hurt!
* * * LOW HITPOINT WARNING * * *
You hear an angry hiss.
You are too injured to fight recklessly!
(D) Dungeon (T) Temple
Where to? (? - help)
Okay, then.
Unknown command.
Okay, then.
You are too injured to fight recklessly!
A red film seems to cover your vision as you go berserk!
You feel yourself moving faster!
You feel mighty! The ogre closely misses you. You furiously retaliate!
You headbutt the ogre!
The quokka bites you but does no damage.
You puncture the quokka!
You kill the quokka!
Trog accepts your kill.
The ogre hits you with a +0 giant club!!
You die...

.. .#.# ..#
#.#.# .#.
.... r. .>.
##.# .. ...
.#
#.##O#.##.#
#..@.......
#...O##.#.#.#
#.##.. # ..
.... #.
####.# .. ..
. ###


You could see 2 ogres.

Vanquished Creatures
  Grinder (D:3)
  A hound (D:4)
  2 adders (D:2)
  3 worms
  3 dart slugs
  4 bats (D:1)
  3 endoplasms
  A giant cockroach (D:2)
  4 goblins
  9 hobgoblins
  4 jackals (D:2)
  4 quokkas
  4 ball pythons
  5 frilled lizards
  6 kobolds
  5 rats
59 creatures vanquished.

Notes
Turn   | Place    | Note
-------+----------+-------------------------------------------
     0 | D:1      | Nyth the Minotaur Berserker began the quest for the Orb.
     0 | D:1      | Reached XP level 1. HP: 19/19 MP: 0/0
    64 | D:1      | Found a faded altar of an unknown god.
    79 | D:1      | Reached skill level 4 in Polearms
    79 | D:1      | Reached XP level 2. HP: 27/27 MP: 1/1
   613 | D:1      | Reached ** piety under Trog
   899 | D:2      | Reached XP level 3. HP: 31/33 MP: 2/2
  1192 | D:2      | Reached skill level 5 in Polearms
  1427 | D:2      | Reached XP level 4. HP: 34/40 MP: 3/3
  1836 | D:3      | Noticed Grinder
  1844 | D:3      | Killed Grinder
  1845 | D:3      | Reached skill level 6 in Polearms
  1845 | D:3      | Reached XP level 5. HP: 47/47 MP: 4/4
  1930 | D:3      | Reached XP level 6. HP: 47/53 MP: 5/5
  2147 | D:3      | Found an iron altar of Okawaru.
  2170 | D:4      | Reached skill level 7 in Polearms
  2170 | D:4      | Reached skill level 1 in Stealth
  2170 | D:4      | Found a staircase to the Ecumenical Temple.
  2174 | D:4      | Mangled by an ogre

Illustrated notes

Levels and vault maps discovered:
D:1:      ebering_hopf_link, layout_rooms, ebering_ecumenical_altar_ruins
D:2:      layout_basic
D:3:      layout_basic, okawaru_metal_pillars_1_2, uniq_grinder
D:4:      layout_basic, minmay_temple_entry_ruins

Skill      XL: |  1  2  3  4  5  6 |
---------------+-------------------+-----
Polearms       | 4 5 6 7 |  7.0
Fighting       | 4 |  4.6
Dodging        | 3 |  3.3
Stealth        | 1 |  1.0
Armour         | |  2.6

Action                   |  1- 3 |  4- 6 || total
-------------------------+-------+-------++-------
Melee: Spear             |   101 |    50 ||   151
       Headbutt          |    14 |     7 ||    21
       Punch             |       |     2 ||     2
Invok: Berserk           |     1 |     2 ||     3
  Use: Scroll            |       |     3 ||     3
 Stab: Sleeping          |     1 |     2 ||     3
Armor: Animal skin       |    15 |       ||    15
       Skin              |     1 |     2 ||     3
Dodge: Dodged            |    46 |     8 ||    54
